 Dungeon Crawl Stone Soup version 0.22.0-36-g8e74550 (webtiles) character file.

1147 Marcoleric the Quickloader (level 8, -3/54 HPs)
             Began as a Halfling Hunter on Aug 24, 2018.
             Was a Believer of Fedhas.
             Succumbed to a hornet's poison
             ... on level 8 of the Dungeon.
             The game lasted 00:25:24 (3654 turns).

Marcoleric the Quickloader (Halfling Hunter)        Turns: 3654, Time: 00:25:25

Health: -3/54      AC:  4    Str: 13    XL:     8   Next: 64%
Magic:  8/8        EV: 15    Int:  9    God:    Fedhas [**....]
Gold:   287        SH:  0    Dex: 17    Spells: 7/7 levels left

rFire    . . .     SeeInvis .   a - +2 hand crossbow
rCold    . . .     Gourm    .   (shield restricted)
rNeg     . . .     Faith    .   c - +0 leather armour
rPois    .         Spirit   .   (no helmet)
rElec    .         Reflect  .   o - +0 cloak
rCorr    .         Harm     .   (no gloves)
MR       .....                  (no boots)
Stlth    ++........             (no amulet)
HPRegen  0.18/turn              (no ring)
MPRegen  0.11/turn              (no ring)

@: lethally poisoned (-3 -> -46), hasted and slowed
A: small, mutation resistance 1
a: Fungal Bloom, Sunlight, Evolution, Renounce Religion


You were on level 8 of the Dungeon.
You worshipped Fedhas.
Fedhas was pleased with you.
You were very hungry.

You visited 1 branch of the dungeon, and saw 8 of its levels.

You collected 287 gold pieces.

Inventory:

Hand Weapons
 a - a +2 hand crossbow (weapon)
 b - a +0 short sword
 h - a +0 hunting sling
 q - a +2 dagger of venom
 s - a +0 hunting sling
Missiles
 d - 57 bolts (quivered)
 g - 70 arrows
 l - 114 stones
 m - 42 sling bullets
Armour
 c - a +0 leather armour (worn)
 e - a +0 leather armour
 j - a +0 leather armour
 o - a +0 cloak (worn)
 t - a cursed +0 pair of gloves
Jewellery
 A - a +2 ring of dexterity {unknown}
Wands
 B - a wand of flame (9)
Scrolls
 w - a scroll of remove curse {unknown}
 x - 3 scrolls of amnesia
 y - 2 scrolls of identify
Potions
 n - a potion of flight {unknown}
 p - a potion of experience {unknown}
 r - 2 potions of curing {unknown}
 u - a potion of brilliance
 v - 2 potions of lignification
 z - a potion of mutation {unknown}
Comestibles
 f - 7 rations


   Skills:
 + Level 3.9 Fighting
 + Level 9.6 Crossbows
 + Level 3.3 Armour
 + Level 3.0 Dodging
 + Level 1.8 Stealth


You had 7 spell levels left.
You didn't know any spells.
Your spell library was empty.

Dungeon Overview and Level Annotations

Branches:
Dungeon (8/15)
 Temple: D:4-7         Lair: D:8-11

Altars:
Elyvilon
Fedhas
Kikubaaqudgha

Annotations:
D:8 Psyche


Innate Abilities, Weirdness & Mutations

You are small and have problems with some larger weapons.
You are somewhat resistant to further mutation.


Message History

You feel very sick. The hornet misses you. The hornet closely misses you.
* * * LOW HITPOINT WARNING * * *
You feel very sick. The hornet stings you.
* * * LOW HITPOINT WARNING * * *
You are more poisoned.
You feel as though you will be slow longer.
* * * LOW HITPOINT WARNING * * *
You feel very sick. The hornet stings you.
* * * LOW HITPOINT WARNING * * *
You feel as though you will be slow longer.
The hornet stings you.
* * * LOW HITPOINT WARNING * * *
You are more poisoned.
You feel as though you will be slow longer.
It was a potion of haste.
You feel yourself speed up.
You die...
Fedhas appreciates your contribution to the ecosystem.

###########.#
............#
...........## ##
...........## #(#######
########.....#a#.##.....#
.......'.....##(#.#.....#
########.....#.#.##.....#
#.....##.#†#.....#
####.@##.###.....#
#.ay..........#
#........._...#
#.......[.....#
###############


You could see a soldier ant and a hornet.

Vanquished Creatures
  A black bear (D:6)
  A phantom (D:6)
  An ice beast (D:8)
  3 ogres
  A centaur (D:6)
  2 bullfrogs
  A bullfrog skeleton (D:5)
  A hound (D:5)
  2 iguanas
  An orc wizard (D:6)
  6 worker ants
  5 adders
  A shadow imp (D:6)
  An ooze (D:3)
  2 adder skeletons (D:5)
  3 worms
  4 leopard geckos
  8 orcs
  5 bats
  2 giant cockroaches
  4 goblins
  2 hobgoblins
  7 jackals (D:3)
  A quokka (D:3)
  A ball python (D:7)
  2 frilled lizards
  7 kobolds
  6 rats
81 creatures vanquished.

Vanquished Creatures (others)
  A killer bee zombie (D:8)
  46 toadstools
47 creatures vanquished.

Grand Total: 128 creatures vanquished

Notes
Turn   | Place    | Note
-------+----------+-------------------------------------------
     0 | D:1      | Marcoleric the Halfling Hunter began the quest for the Orb.
     0 | D:1      | Reached XP level 1. HP: 14/14 MP: 1/1
   130 | D:1      | Reached XP level 2. HP: 19/19 MP: 2/2
   468 | D:2      | Reached skill level 5 in Crossbows
   475 | D:2      | Reached skill level 1 in Armour
   833 | D:2      | Reached XP level 3. HP: 24/24 MP: 3/3
  1094 | D:3      | Found a faded altar of an unknown god.
  1123 | D:3      | Became a worshipper of Fedhas Madash
  1123 | D:3      | Reached * piety under Fedhas
  1129 | D:3      | Reached XP level 4. HP: 28/29 MP: 4/4
  1459 | D:3      | Reached ** piety under Fedhas
  1632 | D:4      | Reached skill level 6 in Crossbows
  1632 | D:4      | Reached XP level 5. HP: 15/34 MP: 5/5
  1870 | D:5      | Entered Level 5 of the Dungeon
  2073 | D:5      | Reached XP level 6. HP: 31/40 MP: 6/6
  2181 | D:5      | Noticed an ogre
  2189 | D:5      | Killed an ogre
  2189 | D:5      | Reached skill level 7 in Crossbows
  2278 | D:6      | Noticed a phantom
  2303 | D:6      | Killed a phantom
  2303 | D:6      | Reached XP level 7. HP: 36/45 MP: 7/7
  2315 | D:6      | Found a white marble altar of Elyvilon.
  2380 | D:6      | Reached skill level 8 in Crossbows
  2837 | D:6      | Reached XP level 8. HP: 42/52 MP: 8/8
  2947 | D:7      | Reached skill level 9 in Crossbows
  3374 | D:8      | Noticed Psyche
  3614 | D:8      | Found an ancient bone altar of Kikubaaqudgha.
  3643 | D:8      | Noticed a hornet
  3647 | D:8      | Paralysed by a hornet for 1 turns
  3653 | D:8      | HP: 2/54 [hornet (1)]
  3654 | D:8      | Succumbed to a hornet's poison

Skill      XL: |  1  2  3  4  5  6  7  8 |
---------------+-------------------------+-----
Crossbows      | 5 6 7 8 9 |  9.6
Armour         | 1 2 3 |  3.3
Fighting       | 2 3 |  3.9
Dodging        | 3 |  3.0
Stealth        | |  1.8

Action                   |  1- 3 |  4- 6 |  7- 9 || total
-------------------------+-------+-------+-------++-------
 Fire: Hand crossbow     |    66 |    96 |    89 ||   251
Invok: Fungal Bloom      |       |     8 |     6 ||    14
  Use: Scroll            |     2 |    10 |       ||    12
       Potion            |       |     2 |     2 ||     4
  Eat: Ration            |       |     2 |       ||     2
Armor: Leather armour    |     9 |     5 |     7 ||    21
Dodge: Dodged            |    27 |    38 |    41 ||   106
